Map: Oxide LE

Players

Seither - Winner!

  • Race: Terran Terran

TeebuL

  • Race: Protoss Protoss

Event: DreamHack SC2 Masters 2021 Fall

VOD

Have the link to the VOD?

Description

Time

  • Played on: July 31, 2021, 5:26 a.m.
  • Length: 19:15

All games in this series

Show
View Real Time Build Order
Export as new Build Order

Seither Terran - Winner!

Build Orders:  

Get SALT Encoding   

  12  0:00  SCV  
  13  0:12  SCV  
  14  0:17  Supply Depot  
  14  0:24  SCV  
  15  0:39  SCV, Barracks  
  16  0:44  Refinery  
  16  0:51  SCV  
  17  1:03  SCV  
  18  1:15  SCV  
  19  1:28  Orbital Command  
  19  1:32  Marine  
  20  1:47  Command Center  
  20  1:52  Barracks Reactor  
  20  1:54  SCV  
  20  2:00  Supply Depot  
  21  2:06  SCV  
  22  2:12  Barracks  
  22  2:18  SCV  
  23  2:26  Barracks  
  23  2:28  Marine  
  24  2:30  Marine  
  24  2:32  SCV  
  26  2:44  SCV  
  26  2:46  Marine  
  26  2:48  Marine  
  29  2:56  SCV  
  30  3:00  Orbital Command  
  30  3:01  Barracks Tech Lab  
  30  3:04  Marine  
  31  3:06  Marine  
  31  3:11  SCV  
  33  3:16  Barracks Tech Lab  
  33  3:20  Marine, Stimpack  
  33  3:22  Marine  
  33  3:24  Marine  
  33  3:25  Supply Depot  
  36  3:28  SCV x2  
  38  3:35  Marine, Combat Shield  
  38  3:38  Marine  
  40  3:41  Marine x2  
  40  3:44  SCV x2  
  40  3:46  Supply Depot  
  44  3:50  Engineering Bay  
  44  3:57  Marauder x2  
  44  4:00  SCV x2  
  50  4:03  Marine x2  
  52  4:10  Factory  
  52  4:11  Supply Depot  
  52  4:15  SCV x2  
  54  4:18  Missile Turret  
  54  4:23  Marine x2  
  56  4:26  Marauder  
  56  4:27  Marauder  
  56  4:28  SCV  
  56  4:29  SCV  
  62  4:34  Refinery  
  62  4:37  Refinery  
  62  4:40  SCV  
  62  4:41  SCV  
  62  4:44  Marine x2  
  54  4:56  Marauder x2  
  54  4:58  SCV x2  
  52  5:14  Marine  
  52  5:18  Marauder  
  52  5:27  Marine x2  
  48  5:37  Marine  
  48  5:39  SCV, Marauder  
  48  5:40  SCV  
  53  5:45  Marine  
  51  5:56  Marine, Barracks Tech Lab  
  47  5:57  Refinery, Missile Turret  
  47  6:00  Starport  
  47  6:03  Marine, SCV, Barracks Tech Lab  
  49  6:20  Factory Reactor  
  49  6:25  Marine x2  
  49  6:28  SCV x2  
  49  6:31  Marauder  
  49  6:32  Marauder  
  57  6:41  Supply Depot  
  57  6:43  SCV x2  
  57  6:46  Marine  
  60  6:50  Marine  
  60  6:53  Terran Infantry Weapons Level 1  
  61  6:59  SCV  
  62  7:02  SCV  
  62  7:07  Marauder x2  
  66  7:14  Medivac  
  66  7:15  Medivac  
  69  7:20  Factory Tech Lab  
  69  7:21  SCV x2  
  70  7:27  Supply Depot  
  69  7:33  SCV  
  70  7:37  Supply Depot  
  70  7:48  Marine x2, SCV  
  70  7:49  Marauder x2  
  77  7:56  SCV, Medivac x2  
  77  7:57  Refinery  
  82  8:00  SCV  
  82  8:03  Supply Depot  
  83  8:06  Marine x2  
  83  8:11  Siege Tank  
  88  8:16  SCV x2  
  90  8:25  Marine  
  90  8:26  Marauder x2  
  95  8:31  SCV x2  
  97  8:37  Medivac x2  
  101  8:42  Supply Depot  
  101  8:46  Supply Depot  
  101  8:47  SCV  
  102  9:04  SCV, Siege Tank  
  103  9:11  Missile Turret  
  103  9:14  Marine x2  
  103  9:15  Marauder x2  
  103  9:16  SCV x2  
  107  9:28  SCV x2, Missile Turret  
  109  9:32  Marine x2  
  111  9:39  Marine x2  
  111  9:40  SCV x2, Siege Tank  
  111  9:45  Supply Depot  
  118  9:57  Supply Depot  
  118  10:01  Supply Depot  
  118  10:06  Marine x2, Liberator x2  
  126  10:07  Terran Infantry Armor Level 1  
  126  10:12  Supply Depot  
  126  10:19  Marauder x2  
  128  10:31  Siege Tank  
  128  10:35  Supply Depot  
  128  10:37  Command Center  
  128  10:39  Marine x2  
  128  10:40  Marauder  
  132  10:47  Supply Depot  
  132  10:55  Liberator x2  
  138  11:10  Marine, Marauder x2  
  143  11:11  Siege Tank  
  146  11:18  Supply Depot  
  146  11:21  Marine  
  147  11:28  Marine  
  147  11:32  Marauder x2  
  152  11:39  Marine  
  153  11:45  Marine  
  154  11:48  Siege Tank  
  154  11:52  Marine x2, Missile Turret x2  
  159  11:56  Marine  
  159  12:04  Liberator x2  
  159  12:06  Orbital Command  
  165  12:13  Missile Turret  
  165  12:16  Bunker  
  165  12:20  Bunker  
  165  12:21  Marine x2  
  165  12:22  Marauder  
  169  12:29  Marine  
  160  12:39  Marine x2  
  160  12:43  Marauder  
  156  12:47  Marine  
  157  12:52  Bunker  
  157  12:56  Marine  
  157  12:57  Marine, Bunker, Orbital Command  
  159  12:59  Missile Turret  
  159  13:04  Marauder  
  161  13:07  Marine  
  160  13:15  Marine  
  146  13:26  Marauder  
  148  13:37  Missile Turret  
  148  13:42  Bunker  
  148  13:43  Marine x2, Marauder  
  148  13:44  Siege Tank  
  142  14:13  Missile Turret  
  139  14:21  Liberator  
  139  14:22  Liberator  
  116  15:06  Orbital Command  
  116  15:21  Starport Tech Lab  
  100  15:40  Raven  
  97  16:31  Orbital Command  
  89  16:35  Banshee  
  92  16:42  Orbital Command  
  92  16:55  Factory Tech Lab  
  91  17:11  Cloaking Field  
  91  17:18  Banshee  
  94  17:23  SCV  
  94  17:24  SCV x2  
  93  18:24  Siege Tank  
  95  18:38  Bunker  
  95  18:39  Bunker  
  96  18:54  Marine  
Show
View Real Time Build Order
Export as new Build Order

TeebuL Protoss 

Build Orders: 1 Gate Expand, Dark Templar Rush 

Get SALT Encoding   

  12  0:00  Probe  
  13  0:12  Probe  
  14  0:18  Pylon  
  14  0:24  Probe (Chrono Boost)  
  15  0:37  Gateway, Probe (Chrono Boost)  
  15  0:42  Probe (Chrono Boost)  
  16  0:48  Assimilator  
  17  0:54  Probe  
  18  1:06  Probe  
  19  1:18  Probe  
  19  1:25  Cybernetics Core  
  20  1:33  Nexus  
  20  1:35  Probe  
  21  1:44  Pylon  
  21  1:47  Probe  
  21  1:51  Assimilator  
  22  1:59  Adept (Chrono Boost), Probe  
  23  2:04  Warp Gate  
  25  2:12  Probe (Chrono Boost)  
  27  2:23  Twilight Council, Probe (Chrono Boost)  
  27  2:27  Probe (Chrono Boost)  
  28  2:42  Probe (Chrono Boost)  
  28  2:43  Robotics Facility  
  29  2:45  Probe (Chrono Boost)  
  31  2:54  Probe (Chrono Boost)  
  31  2:55  Probe (Chrono Boost)  
  31  2:58  Gateway  
  32  2:59  Probe (Chrono Boost)  
  32  3:03  Probe  
  34  3:12  Probe  
  37  3:17  Dark Shrine  
  37  3:18  Probe  
  34  3:21  Gateway  
  34  3:24  Probe  
  35  3:28  Warp Prism (Chrono Boost)  
  35  3:33  Probe  
  38  3:36  Probe  
  38  3:38  Shield Battery  
  39  3:45  Probe  
  39  3:46  Assimilator  
  40  3:48  Probe  
  41  3:57  Probe  
  41  4:00  Probe  
  41  4:01  Stalker  
  46  4:10  Probe  
  46  4:13  Pylon  
  46  4:14  Pylon  
  46  4:27  Probe  
  46  4:31  Probe  
  46  4:32  Dark Templar x3  
  46  4:38  Shield Battery  
  57  4:39  Shield Battery  
  57  4:40  Probe  
  57  4:43  Probe  
  59  4:49  Pylon  
  57  4:56  Dark Templar  
  57  4:57  Probe x2  
  59  5:01  Assimilator  
  59  5:06  Dark Templar  
  59  5:08  Zealot, Immortal  
  56  5:22  Pylon  
  47  5:29  Pylon  
  47  5:30  Pylon  
  47  5:33  Probe x2  
  39  5:45  Probe (Chrono Boost)  
  39  5:46  Probe (Chrono Boost)  
  38  5:57  Probe (Chrono Boost)  
  38  6:03  Probe (Chrono Boost)  
  39  6:04  Probe (Chrono Boost)  
  39  6:06  Dark Templar  
  39  6:07  Pylon  
  39  6:10  Probe (Chrono Boost)  
  43  6:11  Probe (Chrono Boost)  
  42  6:23  Probe (Chrono Boost)  
  42  6:24  Shadow Stride (Chrono Boost)  
  44  6:27  Probe (Chrono Boost)  
  44  6:28  Gateway  
  44  6:30  Probe (Chrono Boost)  
  45  6:34  Probe (Chrono Boost)  
  45  6:38  Probe  
  47  6:41  Dark Templar  
  47  6:44  Dark Templar  
  47  6:45  Probe  
  52  6:50  Probe  
  53  6:58  Probe  
  54  7:04  Gateway  
  54  7:06  Probe  
  55  7:10  Probe  
  55  7:14  Robotics Bay  
  54  7:17  Sentry  
  54  7:18  Probe  
  54  7:19  Nexus  
  54  7:20  Pylon  
  54  7:22  Probe  
  58  7:24  Sentry  
  58  7:28  Gateway  
  60  7:30  Gateway, Probe  
  61  7:38  Sentry  
  61  7:41  Probe  
  64  7:46  Shield Battery  
  64  7:48  Pylon  
  64  7:52  Probe  
  64  7:57  Colossus (Chrono Boost)  
  65  8:03  Zealot x2  
  75  8:10  Sentry  
  77  8:14  Gateway  
  77  8:15  Pylon  
  77  8:22  Pylon  
  77  8:25  Stalker x3  
  77  8:26  Probe  
  84  8:32  Charge (Chrono Boost)  
  84  8:36  Zealot x2  
  84  8:40  Extended Thermal Lance  
  88  8:48  Colossus (Chrono Boost)  
  88  8:49  Pylon  
  88  8:51  Cybernetics Core  
  88  8:55  Pylon  
  94  9:10  Zealot x3  
  94  9:11  Zealot  
  94  9:15  Robotics Bay  
  98  9:27  Nexus  
  95  9:32  Stalker  
  95  9:35  Stalker  
  99  9:39  Pylon  
  99  9:46  Pylon  
  99  9:47  Pylon  
  99  9:54  Pylon  
  99  9:56  Pylon  
  99  9:59  Dark Templar  
  101  10:04  Pylon  
  101  10:05  Pylon  
  101  10:09  Dark Templar x2  
  101  10:10  Dark Templar  
  107  10:24  Zealot x2  
  107  10:28  Blink (Chrono Boost)  
  111  10:34  Probe x2  
  113  10:39  Colossus (Chrono Boost)  
  119  10:46  Probe  
  120  10:57  Zealot x4  
  120  11:03  Archon x2  
  128  11:07  Dark Templar  
  128  11:11  Pylon, Dark Templar  
  130  11:19  Dark Templar x2  
  130  11:20  Pylon  
  134  11:25  Stalker  
  134  11:26  Stalker  
  134  11:30  Pylon  
  138  11:42  Dark Templar  
  138  11:43  Dark Templar  
  140  11:52  Zealot x4  
  144  12:04  Gateway  
  144  12:05  Gateway  
  144  12:15  Stalker x5  
  152  12:17  Sentry  
  157  12:40  Zealot  
  157  12:41  Zealot x5  
  159  12:49  Pylon, Gateway  
  154  13:00  Dark Templar x2  
  154  13:01  Dark Templar x2  
  162  13:10  Zealot x2  
  146  13:21  Dark Templar  
  146  13:37  Zealot x3  
  146  13:38  Zealot x2  
  154  13:42  Robotics Facility  
  151  14:04  Pylon  
  151  14:05  Pylon x2  
  151  14:06  Pylon  
  134  14:29  Pylon  
  134  14:30  Pylon  
  134  14:32  Pylon  
  134  14:43  Nexus  
  134  14:44  Zealot  
  134  14:59  Pylon  
  134  15:00  Pylon  
  134  15:01  Dark Shrine  
  133  15:09  Zealot x2  
  126  15:26  Zealot  
  104  15:39  Stalker x2  
  102  16:21  Nexus  
  101  16:28  Dark Templar x2  
  99  17:39  Zealot x3  
  94  18:21  Zealot  
  94  18:22  Zealot x2  

Tags
 
Add a new tag
Caveats
  • Supply blocks, unpowered buildings, or Contaminate may cause inaccurate times.
  • Supply counts are checked every 10 seconds.